 Dungeon Crawl Stone Soup version 0.28-a0-687-gb91baff9cc (webtiles) character file.

Game seed: 13680829315468363574

51 Irenicus the Digger (level 3, 0/28 HPs)
             Began as a Deep Dwarf Earth Elementalist on Oct 19, 2021.
             Slain by an iguana (11 damage)
             ... on level 4 of the Dungeon.
             The game lasted 00:03:38 (480 turns).

Irenicus the Digger (Deep Dwarf Earth Elementalist)  Turns: 480, Time: 00:03:39

Health: 0/28       AC:  3    Str: 11    XL:     3   Next: 58%
Magic:  2/5        EV: 11    Int: 16    God:
Gold:   10         SH:  0    Dex: 13    Spells: 1/5 levels left

rFire   . . .      SeeInvis .   a - +1 dagger (holy)
rCold   . . .      Faith    .   (no shield)
rNeg    . . .      Spirit   .   e - +0 leather armour
rPois   .          Reflect  .   (no helmet)
rElec   .          Harm     .   (no cloak)
rCorr   .          Rampage  .   (no gloves)
Will    +....                   (no boots)
Stlth   ++........              (no amulet)
HPRegen 0.00/turn               W - ring of willpower
MPRegen 0.09/turn               (no ring)

@: no status effects
A: damage resistance, heal wounds, sense surroundings 1, no regeneration
a: Heal Wounds


You were on level 4 of the Dungeon.
You visited 1 branch of the dungeon, and saw 4 of its levels.

You collected 10 gold pieces.


Innate Abilities, Weirdness & Mutations

You are resistant to damage.
You can heal yourself by infusing magical energy.
You passively map a small area around you.
You do not regenerate.


   Skills:
 - Level 2.1 Dodging
 - Level 2.4 Stealth
 - Level 1.7 Spellcasting
 - Level 0.8 Transmutations
 + Level 6.2 Earth Magic


You had one spell level left.
You knew the following spells:

 Your Spells              Type           Power      Damage    Failure   Level
w - Stone Arrow           Conj/Erth      22%        3d8       24%         3
z - Sandblast             Erth           42%        2d11      2%          1

Your spell library contained the following spells:

 Spells                   Type           Power      Damage    Failure   Level
 Passwall                 Tmut/Erth      10%        N/A       10%         2
 Scorch                   Fire           2%         2d5       38%         2
 Petrify                  Tmut/Erth      12%        N/A       54%         4
 Flame Wave               Conj/Fire      1%         3d3       95%         4
 Summon Cactus Giant      Summ           0%         N/A       100%        6

Inventory:

Hand Weapons
 a - a +1 dagger of holy wrath (weapon)
Missiles
 b - 13 poisoned darts
Armour
 e - a +0 leather armour (worn)
Jewellery
 W - a ring of willpower (left hand)
Scrolls
 d - a scroll of noise {unknown}
 f - 2 scrolls of fog {unknown}

Dungeon Overview and Level Annotations

Branches:
Dungeon (4/15)
 Temple: D:4-7

Altars:

* * * *
############## * *
###.####.....<..)....
*
......l@.###########.
, ..".###### ,, , #*
, * * **** * * , , *
* , , , * * * * , *


You could see an iguana.


Message History

You don't know that spell.
Casting: Sandblast (safe; 2% risk of failure)
Confirm with . or Enter, or press ? or * to list all spells.
The spell is quite dangerous to cast (24% risk of failure)!
Continue anyway?
Okay, then.
Casting: Stone Arrow (quite dangerous; 24% risk of failure)
Confirm with . or Enter, or press ? or * to list all spells.
The spell is quite dangerous to cast (24% risk of failure)!
Continue anyway?
Aiming: Stone Arrow (quite dangerous; 24% risk of failure)
Press: ? - help, Shift-Dir - straight line, f - iguana
Aim: an iguana (72% to hit)
You miscast Stone Arrow.
You are very lightly contaminated with residual magic.
Nothing appears to happen.
You closely miss the iguana. The iguana bites you.
You barely miss the iguana. The iguana misses you.
You barely miss the iguana. The iguana completely misses you.
You hit the iguana but do no damage. The iguana bites you.
You hit the iguana.
The iguana is moderately wounded.
The iguana bites you!
* * * LOW HITPOINT WARNING * * *
You hit the iguana but do no damage.
The iguana is moderately wounded.
The iguana misses you.
Your magical contamination has completely faded away.
You hit the iguana but do no damage.
The iguana is moderately wounded.
The iguana bites you!
You die...

Skill      XL: |  1  2  3 |
---------------+----------+-----
Earth Magic    | 5 6 |  6.2
Dodging        | |  2.1
Stealth        | |  2.4
Spellcasting   | |  1.7
Transmutations | |  0.8

Action                   || total
-------------------------++-------
Melee: Unarmed           ||     6
       Dagger            ||    57
 Cast: Sandblast         ||    30
 Stab: Sleeping          ||     4
Armor: Robe              ||     6
       Leather armour    ||    13
Dodge: Dodged            ||    57

Levels and vault maps discovered:
D:1:      lemuel_arrival_lava_pool, layout_loops_ring, serial_shops,
          nicolae_shop_crystal
D:2:      layout_rooms, ebering_ecumenical_altar_abandoned, serial_undead,
          serial_undead_c, serial_undead_b, serial_undead_b, serial_undead_d,
          serial_undead_a, serial_undead_d, serial_undead_a
D:3:      layout_rooms, led_sif_book, lemuel_tele_altar
D:4:      layout_loops_ring, minmay_temple_entry_statues, enter_ossuary_4

Notes
Turn   | Place    | Note
-------+----------+-------------------------------------------
     0 | D:1      | Irenicus the Deep Dwarf Earth Elementalist began the quest
                  | for the Orb.
     0 | D:1      | Reached XP level 1. HP: 15/15 MP: 3/3
    96 | D:2      | Reached skill level 5 in Earth Magic
    96 | D:2      | Reached XP level 2. HP: 22/22 MP: 0/4
   250 | D:2      | Reached XP level 3. HP: 28/28 MP: 0/5
   286 | D:2      | Found a faded altar of an unknown god.
   360 | D:2      | Reached skill level 6 in Earth Magic
   438 | D:3      | Learned a level 3 spell: Stone Arrow
   480 | D:4      | Slain by an iguana

Vanquished Creatures
  2 adders (D:2)
  An adder zombie (D:2)
  A ball python (D:2)
  2 bats (D:2)
  3 endoplasms (D:2)
  2 goblins (D:2)
  3 hobgoblins (D:2)
  4 jackals (D:3)
  2 quokkas
  A ball python skeleton (D:2)
  A ball python zombie (D:2)
  3 kobolds (D:2)
  3 quokka zombies (D:2)
  A rat (D:2)
29 creatures vanquished.

Table legend: (Time is in decaauts)
 A = Elapsed time spent in this place.
 B = Non-inter-level travel time spent in this place.
 C = Inter-level travel time spent in this place.
 D = Time resting spent in this place.
 E = Time spent auto-exploring this place.
 F = Levels seen in this place.
 G = Mean time per level.
                   A        B        C        D        E       F      G
               +--------+--------+--------+--------+--------+-----+--------+
         Total |    478 |    478 |      0 |      0 |      0 |   4 |  119.5 |
       Dungeon |    478 |    478 |      0 |      0 |      0 |   4 |  119.5 |
               +--------+--------+--------+--------+--------+-----+--------+

Top non-repeatable levels by time:
     D:2: 344 daAuts
     D:3: 68 daAuts
     D:1: 52 daAuts
     D:4: 13 daAuts

Table legend:
 A = Non-vault XP
 B = Vault XP
 C = Vault XP percentage of total XP
 D = Non-vault monster count
 E = Vault monster count
 F = Vault count percentage of total count
                 A         B        C        D         E       F
            +---------+---------+-------+---------+---------+-------
      Total |      64 |      10 |  13.5 |      23 |       6 |  20.7
            +---------+---------+-------+---------+---------+-------
        D:1 |       2 |       0 |   0.0 |       1 |       0 |   0.0
        D:2 |      54 |      10 |  15.6 |      18 |       6 |  25.0
        D:3 |       8 |       0 |   0.0 |       4 |       0 |   0.0
            +---------+---------+-------+---------+---------+-------
